 Dungeon Crawl Stone Soup version 0.29-a0-857-g9b1aa3ac5b (webtiles) character file.

Game seed: 16194066120662746716

5988 quixfox the Cleaver (level 10, -12/93 HPs)
             Began as a Hill Orc Fighter on July 17, 2022.
             Was a High Priest of Okawaru.
             Killed from afar by Erolcha (25 damage)
             ... with a fireball
             ... on level 9 of the Dungeon.
             The game lasted 00:14:43 (9169 turns).

quixfox the Cleaver (Hill Orc Fighter)              Turns: 9169, Time: 00:14:44

Health: -12/93     AC: 16    Str: 24    XL:     10   Next: 85%
Magic:  13/13      EV: 22    Int:  8    God:    Okawaru [*****.]
Gold:   420        SH:  5    Dex: 16    Spells: 9/9 levels left

rFire   . . .      SeeInvis .   a - +1 war axe (elec)
rCold   . . .      Faith    .   c - +0 buckler
rNeg    . . .      Spirit   .   E - +0 plate armour
rPois   +          Reflect  .   (no helmet)
rElec   .          Harm     .   l - +1 cloak
rCorr   .          Rampage  .   (no gloves)
Will    .....                   (no boots)
Stlth   ..........              e - amulet of the acrobat
HPRegen 0.25/turn               z - +6 ring of dexterity
MPRegen 0.13/turn               x - ring of poison resistance

@: acrobatic
A: no striking features
a: Renounce Religion, Heroism, Finesse, Duel


You were on level 9 of the Dungeon.
You worshipped Okawaru.
Okawaru was extremely pleased with you.
You visited 1 branch of the dungeon, and saw 9 of its levels.
You visited the Abyss 1 time.

You collected 420 gold pieces.

Inventory:

Hand Weapons
 a - a +1 war axe of electrocution (weapon)
 B - the +4 great sword "Umyud" {venom, rC+}
   (You found it on level 7 of the Dungeon)

   It poisons the flesh of those it strikes.
   rC:        It protects you from cold.
Missiles
 A - a throwing net (quivered)
Armour
 c - a +0 buckler (worn)
 l - a +1 cloak (worn)
 E - a +0 plate armour (worn)
Jewellery
 e - an amulet of the acrobat (around neck)
 m - a +6 ring of intelligence
 p - a ring of willpower
 x - a ring of poison resistance (right hand)
 z - a +6 ring of dexterity (left hand)
Wands
 d - a wand of mindburst (11)
 t - a wand of digging (4)
 v - a wand of iceblast (19)
Scrolls
 b - 2 scrolls of identify
 n - a scroll of enchant weapon
 u - a scroll of fog
 C - a scroll of torment
 D - a scroll of poison
Potions
 f - 3 potions of lignification
 g - a potion of cancellation
 h - a potion of brilliance
 i - 2 potions of haste
 j - a potion of berserk rage
 k - a potion of curing
 o - 3 potions of flight
 q - a potion of magic
 s - a potion of mutation


   Skills:
 + Level 10.0 Fighting
 * Level 14.4 Axes
 + Level 9.2 Armour
 - Level 3.2 Shields
 + Level 4.5 Invocations


You had 9 spell levels left.
You didn't know any spells.
Your spell library was empty.

Dungeon Overview and Level Annotations

Branches:
Dungeon (9/15)             Temple (0/1) D:7
   Lair: D:8-11         Orc: D:9-12

Altars:
Dithmenos
Elyvilon
Fedhas
Hepliaklqana
Kikubaaqudgha
Makhleb
Okawaru
Trog
Uskayaw
Vehumet
Wu Jian
Yredelemnul
Zin
The Shining One

Annotations:
D:9 Erolcha


Message History

There is a stone staircase leading up, spattered with blood here.
You feel like a meek peon again.
The sun demon hits you but does no damage.
The sun demon completely misses you. The sun demon misses you.
The sun demon attacks as you move away! The sun demon hits you.
You are engulfed in flames!
* * * LOW HITPOINT WARNING * * *
A wyvern comes into view.
Blink to where?
Press: ? - help, Dir - move target
As you read the scroll of blinking, it crumbles to dust.
As you read the scroll of teleportation, it crumbles to dust.
You feel strangely unstable.
Your surroundings suddenly seem different.
The wyvern hisses angrily.
You block the wyvern's attack.
As you read the scroll of teleportation, it crumbles to dust.
You feel strangely unstable.
The wyvern bites you but does no damage.
The wyvern misses you.
Your surroundings suddenly seem different.
A centaur comes into view.
Found 5 stones.
The centaur shouts!
The centaur wields a +1 shortbow of freezing.
It is covered in frost.
The centaur shoots an arrow.
The arrow hits you!
* * * LOW HITPOINT WARNING * * *
The arrow freezes you.
* * * LOW HITPOINT WARNING * * *
Okay, then.
The centaur shoots an arrow.
The arrow completely misses you.
The centaur shoots an arrow.
The arrow barely misses you.
Erolcha mumbles some strange words.
Erolcha flickers and vanishes!
Deactivating autopickup; reactivate with Ctrl-A.
You hear some strange, mumbled words.
A fireball appears from out of thin air!
The fireball explodes!
The fireball engulfs you!!
You die...

c.. #..# #. #.. ..(.
#..# #.# #.. ....##..#
##.# #.. ........# #
.##.# #..
........####..##.# #..
..............##.#####..
.....##...{...##....l...
..... #..##...##........
..... #@.##.....3.#####.
#..##.......# .
#..##.......# .
#<.##...#...# .
.........##...#...# .
........>##...#...#
.........##.. #...#
.........##.. #...#
..O......... #...#


There were no monsters in sight!

Vanquished Creatures
  A thrashing horror (Abyss:1)
  2 starcursed masses (Abyss:1)
  A flayed ghost (Abyss:1)
  Psyche (D:8)
  2 hornets
  A wyvern (D:8)
  A steam dragon (D:7)
  A wraith (D:5)
  Edmund (D:5)
  3 water moccasins (D:6)
  4 orc warriors
  Duvessa (D:4)
  An ice beast (D:6)
  A small abomination (Abyss:1)
  An ogre (D:7)
  2 centaurs
  A phantom (D:5)
  Blork the orc (D:4)
  3 bullfrogs
  2 scorpions (D:5)
  8 wights (D:8)
  Dowan (D:4)
  6 howler monkeys
  A crimson imp (D:4)
  A bullfrog zombie (D:7)
  A centaur zombie (D:7)
  3 hounds
  2 orc priests
  3 jellies
  Ijyb (D:4)
  3 iguanas
  Terence (D:3)
  4 orc wizards
  5 adders
  3 gnolls (D:5)
  A shadow imp (D:8)
  2 white imps
  An ufetubus (Abyss:1)
  4 dart slugs
  20 orcs
  4 ball pythons
  8 bats
  8 endoplasms
  2 giant cockroaches (D:3)
  9 goblins
  10 hobgoblins
  6 kobolds
  A quokka (D:5)
  A frilled lizard (D:1)
  2 rats
153 creatures vanquished.

Vanquished Creatures (others)
  12 plants (D:3)
12 creatures vanquished.

Grand Total: 165 creatures vanquished

Notes
Turn   | Place    | Note
-------+----------+-------------------------------------------
     0 | D:1      | quixfox the Hill Orc Fighter began the quest for the Orb.
     0 | D:1      | Reached XP level 1. HP: 19/19 MP: 1/1
    26 | D:1      | Found a faded altar of an unknown god.
    67 | D:1      | Reached skill level 3 in Axes
   120 | D:1      | Reached XP level 2. HP: 27/27 MP: 2/2
  1094 | D:2      | Reached XP level 3. HP: 24/33 MP: 3/3
  1116 | D:2      | Reached skill level 4 in Axes
  1557 | D:3      | Reached XP level 4. HP: 40/40 MP: 4/4
  1638 | D:3      | Found a white marble altar of Elyvilon.
  1685 | D:3      | Found a radiant altar of Vehumet.
  1829 | D:3      | Noticed Terence
  1833 | D:3      | Killed Terence
  1834 | D:3      | Reached skill level 5 in Axes
  1834 | D:3      | Reached XP level 5. HP: 34/47 MP: 5/5
  2321 | D:4      | Noticed Duvessa
  2328 | D:4      | Noticed Dowan
  2348 | D:4      | Killed Duvessa
  2349 | D:4      | Reached skill level 6 in Axes
  2349 | D:4      | Reached XP level 6. HP: 37/55 MP: 6/6
  2355 | D:4      | Killed Dowan
  2356 | D:4      | Reached skill level 5 in Fighting
  2859 | D:4      | Found an iron altar of Okawaru.
  2869 | D:4      | Became a worshipper of Warmaster Okawaru
  2912 | D:4      | Noticed Ijyb
  2918 | D:4      | Killed Ijyb
  3203 | D:5      | Entered Level 5 of the Dungeon
  3207 | D:5      | Noticed Blork the orc
  3208 | D:5      | Reached skill level 7 in Axes
  3208 | D:5      | Reached skill level 5 in Armour
  3217 | D:4      | Reached XP level 7. HP: 45/61 MP: 7/7
  3305 | D:4      | Killed Blork the orc
  3429 | D:5      | Reached * piety under Okawaru
  3434 | D:5      | Reached skill level 8 in Axes
  3799 | D:5      | Found a hazy altar of Hepliaklqana.
  3808 | D:5      | Noticed a wraith
  3822 | D:5      | Killed a wraith
  3823 | D:5      | Reached XP level 8. HP: 54/71 MP: 8/8
  3888 | D:5      | Found a glowing golden altar of the Shining One.
  3928 | D:5      | Noticed Edmund
  3946 | D:5      | Killed Edmund
  3947 | D:5      | Reached skill level 9 in Axes
  4188 | D:5      | Found an ornate altar of the Wu Jian Council.
  4197 | D:5      | Found a shadowy altar of Dithmenos.
  4703 | D:6      | Reached ** piety under Okawaru
  4704 | D:6      | Reached skill level 10 in Axes
  5342 | D:6      | Found a bloodstained altar of Trog.
  5343 | D:6      | Found a burning altar of Makhleb.
  5349 | D:6      | Reached XP level 9. HP: 79/79 MP: 9/9
  5378 | D:6      | Found a glowing silver altar of Zin.
  5378 | D:6      | Noticed a balrug
  5378 | D:6      | Noticed an angel
  5632 | D:6      | Reached skill level 11 in Axes
  5880 | D:7      | Identified the +4 great sword "Umyud" {venom, rC+}
  5966 | D:7      | Found an ancient bone altar of Kikubaaqudgha.
  5984 | D:7      | Found a blossoming altar of Fedhas.
  6012 | D:7      | Noticed a hornet
  6018 | D:7      | HP: 3/81 [steam dragon/ball of steam (3)]
  6038 | D:6      | HP: 3/81 [hornet (5)]
  6043 | D:6      | Killed a hornet
  6442 | D:7      | Found a hide-covered altar of Uskayaw.
  6510 | D:7      | Reached *** piety under Okawaru
  6511 | D:7      | Found a staircase to the Ecumenical Temple.
  6603 | D:7      | Noticed a hornet
  6613 | D:7      | Killed a hornet
  6614 | D:7      | Reached skill level 12 in Axes
  6977 | D:7      | Found a basalt altar of Yredelemnul.
  7429 | D:8      | Reached XP level 10. HP: 91/91 MP: 10/10
  7475 | D:8      | Reached skill level 13 in Axes
  7477 | D:8      | Reached skill level 1 in Invocations
  7645 | D:8      | Reached **** piety under Okawaru
  8273 | D:8      | Identified the +1 leather armour of the King of the Hill
                  | {rElec Int+2}
  8458 | D:8      | Noticed Psyche
  8464 | D:8      | Killed Psyche
  8610 | D:9      | Noticed Erolcha
  8615 | Abyss:1  | Found a sacrificial altar of Ru.
  8615 | Abyss:1  | Cast into level 1 of the Abyss (Erolcha)
  8630 | Abyss:1  | Noticed a flayed ghost
  8639 | Abyss:1  | Killed a flayed ghost
  8928 | Abyss:1  | Noticed a starcursed mass
  8976 | Abyss:1  | Killed a starcursed mass
  8977 | Abyss:1  | Reached skill level 14 in Axes
  8977 | Abyss:1  | Killed a starcursed mass
  9122 | Abyss:1  | Noticed a thrashing horror
  9142 | Abyss:1  | Noticed a sun demon
  9147 | Abyss:1  | Killed a thrashing horror
  9147 | Abyss:1  | Reached ***** piety under Okawaru
  9148 | Abyss:1  | Reached skill level 10 in Fighting
  9150 | D:9      | Escaped the Abyss
  9169 | D:9      | Killed from afar by Erolcha

Illustrated notes

Levels and vault maps discovered:
D:1:      mrwooster_arrival_statue, layout_basic,
          dreamdust_ecumenical_altar_statues
D:2:      layout_rooms, kennysheep_generic_room_11
D:3:      layout_rooms, mainiacjoe_overflow_concentric_impassable,
          nicolae_elyvilon_temple_path, chequers_decorated_corner,
          kennysheep_generic_room_15, uniq_terence
D:4:      layout_cave_pools, mainiacjoe_overflow_alcove_4, st_stairs_13,
          minmay_fire_ice_demons, uniq_ijyb, uniq_duvessa
D:5:      layout_basic, mainiacjoe_overflow_swirl,
          mainiacjoe_overflow_large_starburst, uniq_blork_the_orc, uniq_edmund
D:6:      layout_basic, grunt_temple_overflow_order_and_chaos_2,
          trog_hazing_becter, minmay_starry_boxes
D:7:      layout_loops_ring, kiku_gazebo_pond_becter,
          mainiacjoe_overflow_brackets, lemuel_zombie_altar_yredelemnul,
          fedhas_ov_isle_minmay, minmay_temple_entry_large_hall,
          kennysheep_nondescript
D:8:      layout_basic, uniq_psyche
D:9:      layout_long_grid, nemelex_spade_bored_becter, grunt_gozag_breadcrumbs,
          lair_entry_dummy, uniq_erolcha, uniq_harold

Skill      XL: |  1  2  3  4  5  6  7  8  9 10 |
---------------+-------------------------------+-----
Axes           | 3 4 5 6 7 8 10 12 14 | 14.4
Fighting       | 4 5 6 7 9 10 | 10.0
Armour         | 4 5 6 8 9 |  9.2
Invocations    | 4 |  4.5
Shields        | |  3.2

Action                   |  1- 3 |  4- 6 |  7- 9 | 10-12 || total
-------------------------+-------+-------+-------+-------++-------
Melee: War axe           |    76 |   107 |   217 |   100 ||   500
Invok: Heroism           |       |       |     1 |     3 ||     4
  Use: Scroll            |    12 |     5 |     7 |     5 ||    29
       Potion            |       |     1 |     3 |       ||     4
Armor: Scale mail        |    34 |    36 |    42 |       ||   112
       Chain mail        |       |       |    46 |     8 ||    54
       Plate armour      |       |       |       |    25 ||    25
Dodge: Dodged            |    39 |    55 |    96 |    39 ||   229
Block: Buckler           |    18 |    21 |    35 |    20 ||    94

Table legend: (Time is in decaauts)
 A = Elapsed time spent in this place.
 B = Non-inter-level travel time spent in this place.
 C = Inter-level travel time spent in this place.
 D = Time resting spent in this place.
 E = Time spent auto-exploring this place.
 F = Levels seen in this place.
 G = Mean time per level.
                   A        B        C        D        E       F      G
               +--------+--------+--------+--------+--------+-----+--------+
         Total |   9214 |   9063 |    151 |   1148 |   6507 |  10 |  921.4 |
       Dungeon |   8689 |   8538 |    151 |    729 |   6507 |   9 |  965.4 |
         Abyss |    525 |    525 |      0 |    419 |      0 |   1 |  525.0 |
               +--------+--------+--------+--------+--------+-----+--------+

Top non-repeatable levels by time:
     D:6: 1740 daAuts
     D:8: 1471 daAuts
     D:5: 1115 daAuts
     D:4: 1114 daAuts
     D:1: 939 daAuts
     D:7: 915 daAuts
     D:3: 837 daAuts
     D:2: 532 daAuts
 Abyss:1: 525 daAuts
     D:9: 22 daAuts
